 Dungeon Sprint DCSS version 0.31-a0-536-ga3e2962e35 (webtiles) character file.

Game seed: 4736770839218569291

1100000 Conn the Pyromancer (level 13, -5/71 HPs)
             Began as an Octopode Fire Elementalist on Aug 13, 2023.
             Slain by a bag of meat
             ... wielding a +9 war axe
              (33 damage)
             ... in the Dungeon (Sprint VIII: "Arena of Blood").
             The game lasted 00:01:37 (11 turns).

Conn the Pyromancer (Octopode Fire Elementalist)      Turns: 11, Time: 00:01:37

Health: -5/71      AC:  1    Str:  8    XL:     13   Next: 31%
Magic:  4/31       EV: 19    Int: 21    God:
Gold:   0          SH:  0    Dex: 13    Spells: 40/41 levels left

rFire   . . .        g - +∞ Axe of Woe
rCold   . . .        (shield currently unavailable)
rNeg    . . .        (helmet restricted)
rPois   .            (no amulet)
rElec   .            (no ring)
rCorr   .            (no ring)
SInv    .            (no ring)
Will    .....        (no ring)
Stlth   +++++++      (no ring)
HPRegen 0.31/turn    (no ring)
MPRegen 0.22/turn    (no ring)
                     (no ring)

%: no teleportation
@: no status effects
A: almost no armour, amphibious, 8 rings, camouflage 1, gelatinous body 1,
(nimble swimmer 1), tentacles
a: no special abilities


You were in the Dungeon.
You visited 1 branch

Inventory:

Hand Weapons
 g - the +∞ Axe of Woe (weapon)
   (You found it in the Dungeon)
Scrolls
 f - a scroll of blinking
Potions
 a - 3 potions of magic
 b - a potion of curing
 c - a potion of heal wounds
 d - a potion of haste
 e - a potion of berserk rage


   Skills:
 * Level 7.0 Axes
 + Level 13.1 Dodging
 - Level 16.0 Stealth
 + Level 14.7 Spellcasting
 * Level 3.5 Conjurations
 + Level 24.5 Fire Magic


You had 40 spell levels left.
You knew the following spells:

 Your Spells              Type           Power      Damage    Failure   Level
a - Foxfire               Conj/Fire      100%       2x1d9     0%          1

Your spell library contained the following spells:

 Spells                   Type           Power      Damage    Failure   Level
 Scorch                   Fire           100%       2d9       0%          2
 Inner Flame              Hex/Fire       61%        N/A       1%          3
 Volatile Blastmotes      Fire/Tloc      100%       2d18      1%          3
 Flame Wave               Conj/Fire      65%        2d15      1%          4


Dungeon Overview and Level Annotations

Branches:
Dungeon (1/1)

Altars:
Makhleb


Innate Abilities, Weirdness & Mutations

You cannot wear most types of armour.
You are amphibious.
You can wear up to eight rings at the same time.
Your skin changes colour to match your surroundings (Stealth+).
Your rubbery body absorbs attacks. (AC +1, EV +1)
((You are camouflaged when in or above water. (Stealth+)))
You have tentacles for arms and can constrict up to eight enemies at once.


Message History

Casting: Foxfire (safe; 1% risk of failure)
Confirm with . or Enter, or press ? or * to list all spells.
Okay, then.
Unknown command.
You hear a shout! x8
You start memorising the spell.
You continue memorising.
You hear a shout!
The bag of meat hits you with a +9 war axe!!
Your memorisation is interrupted.
You hear a shout! x2
The bag of meat hits you with a +9 war axe!!
You hear a shout! x3
Unknown command.
Unknown command.
You slash the bag of meat! You chop the bag of meat into pieces.
You kill the bag of meat!
You slash the bag of meat!
You butcher the bag of meat messily.
You kill the bag of meat!
You hear a shout! x7
A bag of meat comes into view. It is wielding a +9 war axe.
You hear a shout! x5
Your Axes skill gained 2 levels and is now at level 7!
Your Dodging skill gained 2 levels and is now at level 13!
Your Stealth skill gained 3 levels and is now at level 16!
Your Spellcasting skill gained 2 levels and is now at level 14!
Your Fire Magic skill gained 3 levels and is now at level 24!
You have reached level 13!
Unknown command.
Unknown command.
Unknown command.
Unknown command.
You slash the bag of meat!
You butcher the bag of meat messily.
You kill the bag of meat!
You hear a shout! x13
A meat berserker comes into view. It is wielding a +9 battleaxe.
You hear a shout! x6
A meat berserker comes into view. It is wielding a +9 battleaxe.
You hear a shout!
The bag of meat hits you with a +9 war axe!!
You die...

............
...........
.........O.
..........
#......o#
#.......# .
.###.....).###...
......###@.......
......._.)o......
....#.....#......
. #_.<._#......
#.....# .....
......_.........
..O...###........
.###.. ...###...
#.. ...# .


You could see 2 meat berserkers and 2 bags of meat.

Vanquished Creatures
  An ogre (D)
  3 orcs (D)
4 creatures vanquished.

Notes
Turn   | Place    | Note
-------+----------+-------------------------------------------
     0 | D        | Found the +∞ Axe of Woe
     0 | D        | Conn the Octopode Fire Elementalist began the quest for the
                  | Orb.
     0 | D        | Reached XP level 1. HP: 11/11 MP: 3/3
     1 | D        | Noticed a bag of meat
     3 | D        | Noticed a bag of meat
     4 | D        | Noticed a meat berserker
     6 | D        | Noticed a bag of meat
     6 | D        | Noticed a bag of meat
     7 | D        | Killed a meat berserker
     8 | D        | Reached skill level 5 in Axes
     8 | D        | Reached skill level 21 in Fire Magic
     8 | D        | Reached XP level 2. HP: 17/17 MP: 3/15
     8 | D        | Reached XP level 3. HP: 21/21 MP: 3/17
     8 | D        | Reached XP level 4. HP: 27/27 MP: 3/18
     8 | D        | Reached XP level 5. HP: 31/31 MP: 3/20
     8 | D        | Reached XP level 6. HP: 36/36 MP: 3/21
     8 | D        | Reached XP level 7. HP: 41/41 MP: 3/23
     8 | D        | Reached XP level 8. HP: 46/46 MP: 3/24
     8 | D        | Reached XP level 9. HP: 51/51 MP: 3/25
     8 | D        | Reached XP level 10. HP: 56/56 MP: 3/26
     8 | D        | Reached XP level 11. HP: 61/61 MP: 3/27
     8 | D        | Reached XP level 12. HP: 66/66 MP: 3/28
     8 | D        | Noticed a bag of meat
    10 | D        | Killed a bag of meat
    10 | D        | Killed a bag of meat
    10 | D        | Noticed a bag of meat
    11 | D        | Reached skill level 24 in Fire Magic
    11 | D        | Reached XP level 13. HP: 27/71 MP: 3/31
    11 | D        | Killed a bag of meat
    11 | D        | Noticed a meat berserker
    11 | D        | Noticed a meat berserker
    11 | D        | Slain by a bag of meat

Illustrated notes

Levels and vault maps discovered:
D:        meatsprint

Skill      XL: |  1  2  3  4  5  6  7  8  9 10 11 12 |
---------------+-------------------------------------+-----
Axes           | 5 7 |  7.0
Dodging        | 11 13 | 13.1
Stealth        | 13 16 | 16.0
Spellcasting   | 12 14 | 14.7
Conjurations   | 3 |  3.5
Fire Magic     | 21 24 | 24.5

Action                     |  1- 3 |  4- 6 |  7- 9 | 10-12 | 13-15 || total
---------------------------+-------+-------+-------+-------+-------++-------
  Melee: Executioner's axe |     1 |       |       |     1 |     1 ||     3

Table legend: (Time is in decaauts)
 A = Elapsed time spent in this place.
 B = Non-inter-level travel time spent in this place.
 C = Inter-level travel time spent in this place.
 D = Time resting spent in this place.
 E = Time spent auto-exploring this place.
 F = Levels seen in this place.
 G = Mean time per level.
                   A        B        C        D        E       F      G
               +--------+--------+--------+--------+--------+-----+--------+
         Total |     12 |     12 |      0 |      0 |      0 |   1 |   12.0 |
       Dungeon |     12 |     12 |      0 |      0 |      0 |   1 |   12.0 |
               +--------+--------+--------+--------+--------+-----+--------+

Top non-repeatable levels by time:
       D: 12 daAuts
